 Dungeon Crawl Stone Soup version 0.19.1-28-ge1247f7 (webtiles) character file.

543 TuxedoFelix the Covered (level 7, -2/90 HPs)
             Began as a Minotaur Fighter on Jan 21, 2017.
             Slain by a worm (3 damage)
             ... on level 4 of the Dungeon.
             The game lasted 00:17:21 (3523 turns).

TuxedoFelix the Covered (Minotaur Fighter)          Turns: 3523, Time: 00:17:22

Health: -2/90      AC: 23    Str: 21 (23) XL:     7   Next: 6%
Magic:  6/6        EV:  2    Int:  2 (5)  God:
Gold:   102        SH:  9    Dex:  6 (9)  Spells: 0 memorised, 6 levels left

rFire  . . .     SeeInvis .     a - +1 long sword
rCold  . . .     Gourm    .     (armour currently unavailable)
rNeg   + + +     Faith    .     c - +0 shield
rPois  +         Spirit   .     (helmet currently unavailable)
rElec  .         Reflect  .     (cloak currently unavailable)
rCorr  .         Harm     .     (gloves currently unavailable)
MR     .....     NoTele   +     (boots currently unavailable)
Stlth  +.........               (no amulet)
                                (no ring)
                                (no ring)

@: tree-form
A: (retaliatory headbutt), (horns 0)
a: no special abilities


You were on level 4 of the Dungeon.
You were not hungry.
You were a tree.
You visited 1 branch of the dungeon, and saw 4 of its levels.

You collected 102 gold pieces.

Inventory:

Hand Weapons
 a - a +1 long sword (weapon)
Missiles
 v - 2 tomahawks (quivered)
Armour
 b - a +0 scale mail (melded)
 c - a +0 shield (worn)
Wands
 r - a wand of flame (31/48)
Scrolls
 i - 2 scrolls of enchant weapon
 j - a scroll of remove curse
 l - 2 scrolls of teleportation {unknown}
 s - a scroll of random uselessness {unknown}
 u - a scroll of fear {unknown}
Potions
 g - 2 potions of cancellation
 o - a potion of resistance {unknown}
 q - a potion of haste {unknown}
 t - a potion of flight {unknown}
Comestibles
 f - 3 bread rations
 k - 2 meat rations
 p - 4 fruits


   Skills:
 + Level 4.8 Fighting
 + Level 5.6 Long Blades
 + Level 0.2 Throwing
 + Level 5.8 Armour
 + Level 1.5 Dodging
 + Level 0.8 Stealth
 + Level 5.2 Shields


You had 6 spell levels left.
You didn't know any spells.

Dungeon Overview and Level Annotations

Branches:
Dungeon (4/15)
 Temple: D:4-7

Altars:

Annotations:
D:4 Duvessa


Innate Abilities, Weirdness & Mutations

((You reflexively headbutt those who attack you in melee.))
((You have a pair of horns on your head.))


Message History

Duvessa hits you but does no damage. x2
You hit Duvessa but do no damage.
Duvessa is almost dead.
You block Duvessa's attack. The worm bites you but does no damage.
You completely miss Duvessa.
Duvessa is almost dead.
Duvessa hits you but does no damage. x2; The worm barely misses you.
You riposte.
You hit the worm.
The worm is heavily wounded.
You slash Duvessa!
Duvessa is almost dead.
Duvessa is no longer berserk.
Duvessa hits you with a short sword.
* * * LOW HITPOINT WARNING * * *
Duvessa hits you with a short sword.
* * * LOW HITPOINT WARNING * * *
It was a potion of degeneration.
There was something very wrong with that liquid.
You feel weakened.
You feel dopey.
You feel clumsy. The worm bites you.
You die...

.#.########
.........# #
##.......#
..##........#
.....⌠......###..
........%........
≈≈≈≈≈≈......###.
.≈≈≈≈.......###+####
..≈≈≈.)♣...........
..≈≈≈≈we)..........##
....≈................
................#....
..................#..
............##......#
.............<#....
............#.......l
........#.#.....#


You could see Duvessa and a worm.

Vanquished Creatures
  Menkaure (D:4)
  An ice beast (D:4)
  A scorpion (D:4)
  Dowan (D:4)
  Natasha (thrice) (D:3)
  3 gnolls (D:2)
  5 adders
  An ooze (D:3)
  3 leopard geckos
  5 orcs
  10 bats
  7 giant cockroaches
  4 hobgoblins
  2 jackals (D:1)
  10 kobolds
  2 quokkas (D:2)
  4 ball pythons
  4 frilled lizards
  10 goblins
  6 rats
83 creatures vanquished.

Notes
Turn   | Place    | Note
-------+----------+-------------------------------------------
     0 | D:1      | TuxedoFelix the Minotaur Fighter began the quest for the Orb.
     0 | D:1      | Reached XP level 1. HP: 19/19 MP: 0/0
   431 | D:1      | Reached XP level 2. HP: 19/27 MP: 1/1
  1246 | D:2      | Reached XP level 3. HP: 12/33 MP: 2/2
  1590 | D:2      | Reached XP level 4. HP: 39/40 MP: 3/3
  2478 | D:3      | Reached skill level 5 in Armour
  2534 | D:3      | Noticed Natasha
  2550 | D:3      | Killed Natasha
  2566 | D:3      | Noticed Natasha
  2569 | D:3      | Killed Natasha
  2569 | D:3      | Reached XP level 5. HP: 25/46 MP: 4/4
  2749 | D:3      | Noticed Natasha
  2759 | D:3      | Killed Natasha
  3131 | D:4      | Noticed an ice beast
  3150 | D:4      | Killed an ice beast
  3150 | D:4      | Reached skill level 5 in Shields
  3150 | D:4      | Reached XP level 6. HP: 17/53 MP: 5/5
  3471 | D:4      | Reached skill level 5 in Long Blades
  3471 | D:4      | Reached skill level 1 in Dodging
  3476 | D:4      | Noticed Menkaure
  3478 | D:4      | Noticed Dowan
  3483 | D:4      | Noticed Duvessa
  3489 | D:4      | Killed Menkaure
  3503 | D:4      | Killed Dowan
  3503 | D:4      | Reached XP level 7. HP: 51/60 MP: 6/6
  3509 | D:4      | HP: 3/60 [Duvessa/short sword (16)]
  3522 | D:4      | HP: 1/90 [Duvessa/short sword (4)]
  3523 | D:4      | Slain by a worm

Skill      XL: |  1  2  3  4  5  6 |
---------------+-------------------+-----
Armour         | 4 5 |  5.8
Long Blades    | 3 4 5 |  5.6
Shields        | 4 5 |  5.2
Fighting       | 4 |  4.8
Dodging        | 1 |  1.5
Throwing       | |  0.2
Stealth        | |  0.8

Action                   |  1- 3 |  4- 6 |  7- 9 || total
-------------------------+-------+-------+-------++-------
Melee: Long sword        |    76 |   164 |    16 ||   256
       Headbutt          |     9 |    21 |       ||    30
Throw: Tomahawk          |       |     2 |       ||     2
Evoke: Wand              |       |     3 |       ||     3
  Use: Potion            |       |     3 |     3 ||     6
       Scroll            |       |     3 |     1 ||     4
  Eat: Chunk             |     2 |     2 |       ||     4
       Meat ration       |       |     1 |       ||     1
Armor: Scale mail        |    55 |    56 |       ||   111
       Skin              |       |    23 |    20 ||    43
Dodge: Dodged            |    32 |    47 |     3 ||    82
Block: Shield            |    47 |    83 |    11 ||   141
       Rpst.: Long sword |    11 |    12 |     2 ||    25
